 Dungeon Crawl Stone Soup version 0.25-a0-737-g26c3a87c45 (webtiles) character file.

Game seed: 1760165837854441416, levelgen mode: deterministic

1054 Esekla the Slasher (level 8, -4/62 HPs)
             Began as a Barachi Warper on Apr 11, 2020.
             Killed from afar by a gargoyle (19 damage)
             ... with a stone arrow
             ... on level 5 of the Dungeon.
             The game lasted 00:34:23 (4551 turns).

Esekla the Slasher (Barachi Warper)                 Turns: 4551, Time: 00:34:23

Health: -4/62      AC:  8    Str: 12    XL:     8   Next: 26%
Magic:  12/12      EV: 13    Int: 18    God:
Gold:   110        SH:  0    Dex: 13    Spells: 8/12 levels left

rFire    . . .     SeeInvis .   H - +9 scythe of the Wasteland {vorpal, Int+3}
rCold    . . .     Gourm    +   (shield currently unavailable)
rNeg     . . .     Faith    .   b - +0 leather armour
rPois    .         Spirit   .   g - +0 helmet
rElec    .         Reflect  .   t - +1 cloak
rCorr    .         Harm     .   (no gloves)
MR       .....                  B - +1 pair of boots {run}
Stlth    +.........             y - amulet of the gourmand
HPRegen  0.20/turn              E - ring of attention (curse)
MPRegen  0.13/turn              F - ring of stealth

@: studying Dodging
A: +LOS, swims, slowness 1, strong legs 1
a: Hop


You were on level 5 of the Dungeon.
You were very hungry.

You visited 1 branch of the dungeon, and saw 5 of its levels.

You collected 234 gold pieces.
You spent 124 gold pieces at shops.

Inventory:

Hand Weapons
 a - a +0 falchion
 h - a +2 dagger of holy wrath
 v - a +1 short sword of venom
 H - the +9 scythe of the Wasteland (weapon) {vorpal, Int+3}
   (You found it on level 5 of the Dungeon)

   It inflicts extra damage upon your enemies.
   It affects your intelligence (+3).
Missiles
 e - 5 boomerangs of dispersal
 A - 5 poisoned darts
 J - 8 boomerangs (quivered)
Armour
 b - a +0 leather armour (worn)
 g - a +0 helmet (worn)
 m - a +0 pair of boots
 t - a +1 cloak (worn)
 u - a +0 helmet
 B - a +1 pair of boots of running (worn)
Jewellery
 c - an uncursed ring of flight
 r - an uncursed ring of positive energy
 y - an amulet of the gourmand (around neck)
 E - a cursed ring of attention (left hand)
 F - a ring of stealth (right hand)
 K - the ring "Emiar" {Ice *Drain rN+ Str+2 Int+4}
   (You took it off an orc on level 5 of the Dungeon)

   [ring of ice]

   It enhances your ice magic.
   It affects your strength (+2).
   It affects your intelligence (+4).
   It makes you vulnerable to fire.
   It protects you from cold.
   It protects you from negative energy.
   It causes draining when unequipped.
 L - a cursed -3 ring of dexterity {unknown}
Wands
 G - a wand of digging (1)
 I - a wand of paralysis (9)
Scrolls
 d - 2 scrolls of blinking
 i - 5 scrolls of identify
 k - a scroll of noise {unknown}
 l - 3 scrolls of amnesia
 n - 3 scrolls of teleportation
 p - a scroll of fog {unknown}
 w - a scroll of remove curse {unknown}
 x - a scroll of enchant weapon {unknown}
 C - a scroll of magic mapping {unknown}
 D - a scroll of random uselessness {unknown}
Potions
 j - 4 potions of flight
 o - a potion of heal wounds
 q - a potion of haste
 s - 2 potions of magic
 z - a potion of mutation {unknown}
Books
 M - a manual of Dodging
Comestibles
 f - 7 rations


   Skills:
 * Level 5.1 Fighting
 + Level 4.6(5.8) Short Blades
 * Level 5.8(6.7) Long Blades
 + Level 1.4 Throwing
 + Level 3.6 Armour
 + Level 3.9 Dodging
 + Level 2.6 Spellcasting
 * Level 3.1 Charms
 + Level 3.5 Translocations


You had 8 spell levels left.
You knew the following spells:

 Your Spells              Type           Power        Failure   Level  Hunger
a - Shroud of Golubria    Chrm/Tloc      ##....       9%          2    ##.....
b - Blink                 Tloc           N/A          8%          2    ##.....

Your spell library contained the following spells:

 Spells                   Type           Power        Failure   Level  Hunger
 Gell's Gravitas          Tloc           ###.......   16%         3    ###....
 Lesser Beckoning         Tloc           ###.......   16%         3    ###....
 Teleport Other           Tloc           ###.....     16%         3    ###....
 Beastly Appendage        Tmut           #.....       22%         1    #......
 Sticks to Snakes         Tmut           #.......     32%         2    ##.....
 Passage of Golubria      Tloc           N/A          45%         4    #####..
 Spider Form              Tmut/Pois      #.........   54%         3    ###....
 Ice Form                 Ice/Tmut       #.......     91%         4    #####..
 Blade Hands              Tmut           #.........   99%         5    ######.


Dungeon Overview and Level Annotations

Branches:
Dungeon (5/15)
 Temple: D:4-7

Altars:
Dithmenos
Kikubaaqudgha
Okawaru
Qazlal
Uskayaw
Wu Jian

Shops:
D:4 *


Innate Abilities, Weirdness & Mutations

You can be seen from farther away. (+LOS)
You can swim through water.
You cover ground slowly.
You can hop short distances.


Message History

a +0 ring mail; a +0 dagger Which direction?
You close the door.
There is an open door here.
You close the door.
Something unseen opens the door.
The gargoyle hurls a stone arrow at you.
The stone arrow hits you!
Found 7 gold pieces.
Found a manual of Dodging.
You see here a manual of Dodging.
M - a manual of Dodging The gargoyle hurls a stone arrow at you.
The stone arrow hits you!!
* * * LOW HITPOINT WARNING * * *
The gargoyle hurls a stone arrow at you.
The stone arrow misses you.
The gargoyle hurls a stone arrow at you.
The stone arrow hits you!!
You die...

#.. #..........####
#.. #..##...#......#
#.. #...#.......####
#.. #...##.....## ###
#...#.9..##
#....#...# #..#.....#
#......#.# #
##...@...# #
#.....### #######
#.....#########......
#.....#<....9.#......
###.........#.#......
#......9..+['......
#.........#.#......
#...(.....#.)......
#.....$...###...)..


You could see a gargoyle.

Vanquished Creatures
  A hornet (D:4)
  Grinder (D:3)
  A phantom (D:4)
  An ogre (D:5)
  3 hounds
  An orc priest (D:4)
  2 orc wizards
  Jessica (D:3)
  2 worker ants (D:4)
  2 iguanas (D:4)
  Robin (D:3)
  3 gnolls (D:3)
  3 adders
  3 oozes
  A worm (D:2)
  3 dart slugs
  A leopard gecko (D:3)
  20 orcs
  8 giant cockroaches
  10 goblins (D:3)
  10 hobgoblins
  2 jackals (D:3)
  A quokka (D:3)
  2 ball pythons (D:2)
  9 bats
  3 frilled lizards
  7 kobolds
  13 rats
  A plant (D:2)
116 creatures vanquished.

Notes
Turn   | Place    | Note
-------+----------+-------------------------------------------
     0 | D:1      | Esekla the Barachi Warper began the quest for the Orb.
     0 | D:1      | Reached XP level 1. HP: 17/17 MP: 3/3
   473 | D:1      | Reached XP level 2. HP: 23/23 MP: 5/5
   694 | D:1      | Upgraded the game from 0.25-a0-734-g73332aeda9 to
                  | 0.25-a0-737-g26c3a87c45
   812 | D:1      | Reached XP level 3. HP: 28/28 MP: 6/6
  1720 | D:2      | Found an ornate altar of the Wu Jian Council.
  1722 | D:2      | Found an ancient bone altar of Kikubaaqudgha.
  1724 | D:2      | Found a shadowy altar of Dithmenos.
  1840 | D:2      | Reached XP level 4. HP: 35/35 MP: 7/7
  1969 | D:3      | Reached skill level 1 in Short Blades
  1998 | D:3      | Learned a level 2 spell: Shroud of Golubria
  2001 | D:3      | Learned a level 2 spell: Blink
  2098 | D:3      | Noticed Grinder
  2101 | D:3      | Paralysed by Grinder for 2 turns
  2114 | D:3      | Paralysed by Grinder for 7 turns
  2115 | D:3      | Killed Grinder
  2115 | D:3      | Reached skill level 1 in Charms
  2115 | D:3      | Reached XP level 5. HP: 18/42 MP: 8/8
  2115 | D:3      | Reached XP level 6. HP: 21/48 MP: 9/9
  2160 | D:3      | Noticed Robin
  2176 | D:3      | Killed Robin
  2426 | D:4      | Noticed a phantom
  2588 | D:3      | Noticed Jessica
  2592 | D:3      | Killed Jessica
  2734 | D:4      | Found Jaguily's General Store.
  2787 | D:4      | Reached XP level 7. HP: 50/54 MP: 10/10
  2801 | D:4      | Reached skill level 5 in Long Blades
  3141 | D:4      | Bought a +1 short sword of holy wrath for 124 gold pieces
  3247 | D:4      | Found an iron altar of Okawaru.
  3273 | D:4      | Identified a +1 pair of boots of running (You found it on
                  | level 4 of the Dungeon)
  3283 | D:4      | Found a stormy altar of Qazlal.
  3284 | D:4      | Found a hide-covered altar of Uskayaw.
  3631 | D:5      | Entered Level 5 of the Dungeon
  3635 | D:5      | Noticed a hornet
  3636 | D:5      | Noticed a gargoyle
  3657 | D:4      | Killed a hornet
  3657 | D:4      | Reached skill level 5 in Fighting
  3657 | D:4      | Reached XP level 8. HP: 11/62 MP: 9/12
  3680 | D:4      | HP: 3/62 [poisoned by a hornet]
  3688 | D:4      | HP: 3/62 [poisoned by a hornet]
  4132 | D:5      | Got an iridescent scythe
  4152 | D:5      | Identified the ring "Emiar" {Ice *Drain rN+ Str+2 Int+4}
  4211 | D:5      | Identified the +9 scythe of the Wasteland {vorpal, Int+3}
                  | (You found it on level 5 of the Dungeon)
  4551 | D:5      | Killed from afar by a gargoyle

Levels and vault maps discovered:
D:1:      lightli_arrival_noodles, layout_loops_corners
D:2:      layout_loops_ring, gammafunk_temple_overflow_forgotten
D:3:      layout_rooms, uniq_robin, uniq_jessica, uniq_grinder
D:4:      layout_loops_ring, lemuel_round_altar,
          chequers_temple_overflow_statue_of_worship, serial_shops, shop
D:5:      layout_basic, first_ration, minmay_manual_moon

Skill      XL: |  1  2  3  4  5  6  7  8 |
---------------+-------------------------+-----
Long Blades    | 3 4 5 |  5.8
Fighting       | 3 4 5 |  5.1
Armour         | 2 3 |  3.6
Short Blades   | 3 4 |  4.6
Charms         | 1 2 3 |  3.1
Dodging        | 3 |  3.9
Throwing       | |  1.4
Spellcasting   | |  2.6
Translocations | |  3.5

Action                   |  1- 3 |  4- 6 |  7- 9 || total
-------------------------+-------+-------+-------++-------
Melee: Falchion          |    24 |       |       ||    24
       Short sword       |    84 |   149 |    96 ||   329
       Scythe            |       |       |    12 ||    12
Throw: Dart              |       |    10 |     2 ||    12
 Cast: Shroud of Golubri |       |     4 |     1 ||     5
       Blink             |       |       |     1 ||     1
  Use: Potion            |       |     3 |       ||     3
       Scroll            |       |     3 |     2 ||     5
  Eat: Chunk             |     4 |     3 |     2 ||     9
       Ration            |       |       |     1 ||     1
Armor: Leather armour    |    31 |    35 |    37 ||   103
Dodge: Dodged            |    66 |    62 |    63 ||   191
       Rpst.: Falchion   |     4 |       |       ||     4

Table legend:
 A = Non-vault XP
 B = Vault XP
 C = Vault XP percentage of total XP
 D = Non-vault monster count
 E = Vault monster count
 F = Vault count percentage of total count
                 A         B        C        D         E       F
            +---------+---------+-------+---------+---------+-------
      Total |     734 |     772 |  51.3 |      98 |      17 |  14.8
            +---------+---------+-------+---------+---------+-------
        D:1 |      42 |       0 |   0.0 |      27 |       0 |   0.0
        D:2 |      43 |       0 |   0.0 |      18 |       0 |   0.0
        D:3 |     133 |     333 |  71.5 |      24 |      13 |  35.1
        D:4 |     401 |     311 |  43.7 |      16 |       2 |  11.1
        D:5 |     115 |     128 |  52.7 |      13 |       2 |  13.3
            +---------+---------+-------+---------+---------+-------
